 Dungeon Crawl Stone Soup version 0.27-a0-597-g524d869a0f (webtiles) character file.

Game seed: 1444580221308105176

1845 CypherZel the Fighter (level 9, -19/84 HPs)
             Began as a Hill Orc Necromancer on Mar 11, 2021.
             Was a Believer of Beogh.
             Shot with an arrow by a centaur warrior (22 damage)
             ... on level 7 of the Dungeon.
             The game lasted 01:13:41 (11229 turns).

CypherZel the Fighter (Hill Orc Necromancer)       Turns: 11229, Time: 01:13:41

Health: -19/84     AC:  7    Str: 12 (13) XL:     9   Next: 12%
Magic:  11/11      EV: 12    Int: 16      God:    Beogh [**....]
Gold:   43         SH:  0    Dex: 16      Spells: 2/11 levels left

rFire    . . .     SeeInvis .   C - +3 quarterstaff of Ikku {venom, Dex+5}
rCold    . . .     Faith    .   (shield currently unavailable)
rNeg     . . .     Spirit   .   A - +2 robe {Will+}
rPois    +         Reflect  .   (helmet restricted)
rElec    +         Harm     .   p - +0 cloak
rCorr    .         Rampage  .   f - +1 pair of gloves
Will     ++++.                  (no boots)
Stlth    ++........             B - amulet of magic regeneration
HPRegen  0.24/turn              c - ring of poison resistance
MPRegen  0.37/turn              u - ring of willpower

@: hasted, very quick
A: hooves 1, horns 1, blurry vision 1, dopey 1, strong-willed 2, electricity
resistance, strong 1, wild magic 1
a: Renounce Religion, Smiting


You were on level 7 of the Dungeon.
You worshipped Beogh.
Beogh was pleased with you.
You visited 1 branch of the dungeon, and saw 7 of its levels.
You also visited: Sewer and Ossuary.

You collected 348 gold pieces.
You spent 305 gold pieces at shops.

Inventory:

Hand Weapons
 d - a +0 club
 g - a +3 quarterstaff of chaos
 i - a +0 hand axe
 n - a +0 dagger of electrocution
 C - the +3 quarterstaff of Ikku (weapon) {venom, Dex+5}
   (You found it on level 7 of the Dungeon)

   It poisons the flesh of those it strikes.
   It affects your dexterity (+5).
Missiles
 e - 2 javelins
 t - 49 poisoned darts
Armour
 a - a +0 robe
 f - a +1 pair of gloves (worn)
 j - a +0 ring mail
 m - a scarf of harm
 p - a +0 cloak (worn)
 A - a +2 robe of willpower (worn)
Jewellery
 c - a ring of poison resistance (right hand)
 u - a ring of willpower (left hand)
 x - a ring of fire
 B - an amulet of magic regeneration (around neck)
Wands
 b - a wand of random effects (40)
 q - a wand of mindburst (15)
Scrolls
 l - 2 scrolls of amnesia
 o - a scroll of immolation
 w - 2 scrolls of fog
 y - 2 scrolls of blinking
 z - a scroll of teleportation
 D - a scroll of identify
Potions
 h - a potion of ambrosia
 k - 3 potions of attraction
 v - 3 potions of curing


   Skills:
 + Level 9.4 Fighting
 - Level 2.0 Armour
 - Level 1.7 Dodging
 - Level 1.5 Stealth
 - Level 1.6 Spellcasting
 - Level 9.0 Necromancy


You had 2 spell levels left.
You knew the following spells:

 Your Spells              Type           Power      Damage    Failure   Level
a - Pain                  Necr           100%       1d9       1%          1
b - Animate Skeleton      Necr           78%        N/A       1%          1
c - Vampiric Draining     Necr           19%        2d8       3%          3
d - Animate Dead          Necr           19%        N/A       9%          4

Your spell library contained the following spells:

 Spells                   Type           Power      Damage    Failure   Level
 Magic Dart               Conj           4%         1d3       30%         1
 Blink                    Tloc           N/A        N/A       41%         2
 Call Imp                 Summ           1%         N/A       41%         2
 Slow                     Hex            1%         N/A       41%         2
 Agony                    Necr           39%        N/A       21%         5
 Conjure Flame            Conj/Fire      1%         6-21      63%         3
 Mephitic Cloud           Conj/Pois/Air  1%         N/A       63%         3


Dungeon Overview and Level Annotations

Branches:
Dungeon (7/15)              Sewer (visited)         Ossuary (visited)
 Temple: D:4-7

Altars:
Ru
Xom

Shops:
D:6 [[[?(

Annotations:
D:4 Menkaure
D:7 1 transporter, kae's ghost, novice NaTm


Innate Abilities, Weirdness & Mutations

You have large cloven feet.
You have a pair of small horns on your head.
Scrolls take you a little longer to read.
You are dopey. (Int -2)
You are highly strong-willed. (Will++)
You are resistant to electric shocks. (rElec)
Your muscles are strong. (Str +2)
Your spells are a little harder to cast, but a little more powerful.


Message History

The centaur hits your quokka skeleton.
You feel much better.
The ogre hits you with a +0 giant spiked club!
Your quokka skeleton bites the centaur but does no damage.
You hit the ogre.
You kill the ogre!
Beogh accepts your kill.
The centaur warrior shoots an arrow.
The arrow hits you!!
* * * LOW HITPOINT WARNING * * *
The centaur wields a +0 shortbow.
The centaur shoots an arrow.
The arrow closely misses you.
The centaur unwields a +0 shortbow.
The centaur hits your quokka skeleton.
Your quokka skeleton is destroyed!
The worker ant waves its antennae.
You feel your strength returning.
Really read with blurry vision while enemies are nearby?
Okay, then.
You feel much better.
The centaur warrior unwields a +0 shortbow.
The centaur warrior hits you!
You hear Xom's maniacal laughter.
Really read with blurry vision while enemies are nearby?
The centaur warrior hits you!
You begin reading the scroll.
You continue reading the scroll.
The centaur warrior hits you.
* * * LOW HITPOINT WARNING * * *
The centaur warrior hits you but does no damage.
The shadow imp shouts, "Despair, thou clouted saucy pignut!"
The shadow imp barely misses you.
Blink to where?
Press: ? - help, Dir - move target
As you read the scroll of blinking, it crumbles to dust.
You feel yourself speed up.
The shadow imp summons a swarm of flies.
The centaur warrior wields a +0 shortbow.
The centaur warrior shoots an arrow.
The arrow hits you!!
* * * LOW HITPOINT WARNING * * *
There is a stone staircase leading up, spattered with blood here.
The centaur warrior shoots an arrow.
The arrow hits you!!
You die...

#...#########.#.#.#
#............c....#
#.........##.#.######
#.##########...# #.
###.# # #.# #.#
#########.#####
........@.....#
.....########.# ###
## _# ## #


You could see a centaur warrior.

Vanquished Creatures
  Grinder (D:3)
  A black bear (D:6)
  A sky beast (D:7)
  3 ogres
  A centaur (D:6)
  3 kobold brigands (Sewer)
  Blork the orc (D:5)
  2 scorpions (D:7)
  4 wights (D:7)
  A bullfrog zombie (D:5)
  A bullfrog skeleton (D:6)
  2 hounds
  Crazy Yiuf (D:2)
  An iguana (D:5)
  4 worker ants
  4 mummies (Ossuary)
  A worker ant zombie (D:6)
  2 river rats (Sewer)
  9 adders
  A white imp (D:6)
  3 ufetubi
  2 oozes (Sewer)
  An adder skeleton (D:5)
  10 worms
  A dart slug (D:1)
  5 leopard geckos
  8 orcs
  A ball python (Sewer)
  9 giant cockroaches
  6 goblins
  5 hobgoblins
  2 jackals (D:6)
  8 kobolds
  4 quokkas
  8 bats
  8 frilled lizards
  A kobold zombie (Ossuary)
  A leopard gecko skeleton (D:6)
  9 rats
136 creatures vanquished.

Vanquished Creatures (collateral kills)
  A leopard gecko (D:1)
  2 rats (Sewer)
3 creatures vanquished.

Vanquished Creatures (others)
  An orc priest (D:4)
  An orc (D:4)
2 creatures vanquished.

Grand Total: 141 creatures vanquished

Notes
Turn   | Place    | Note
-------+----------+-------------------------------------------
     0 | D:1      | CypherZel the Hill Orc Necromancer began the quest for the
                  | Orb.
     0 | D:1      | Reached XP level 1. HP: 14/14 MP: 3/3
   207 | D:1      | Learned a level 1 spell: Animate Skeleton
   816 | D:1      | Reached XP level 2. HP: 18/20 MP: 1/4
  1523 | D:1      | Reached skill level 1 in Fighting
  1690 | D:1      | Reached XP level 3. HP: 28/28 MP: 5/5
  3018 | D:2      | Found a runed translucent door.
  3019 | D:2      | Noticed Crazy Yiuf
  3296 | D:2      | Killed Crazy Yiuf
  3297 | D:2      | Reached XP level 4. HP: 14/37 MP: 0/6
  3734 | D:3      | Noticed Grinder
  3956 | D:3      | Found a faded altar of an unknown god.
  3969 | D:3      | Became a worshipper of Xom of Chaos
  4020 | D:3      | Reached skill level 5 in Necromancy
  4261 | D:3      | XOM: divination: magic mapping
  4269 | D:3      | XOM: divination: detect creatures
  4419 | D:3      | XOM: silly message
  4523 | D:3      | XOM: noise
  4597 | D:3      | Paralysed by Grinder for 7 turns
  4601 | D:3      | XOM: cast spell 'Leda's Liquefaction'
  4614 | D:3      | Paralysed by Grinder for 4 turns
  4632 | D:3      | XOM: silly message
  4863 | D:3      | Paralysed by Grinder for 6 turns
  4867 | D:3      | XOM: divination: magic mapping
  4922 | D:3      | XOM: silly message
  5230 | D:4      | Found a sand-covered staircase.
  5233 | D:4      | Fell from the grace of Xom
  5233 | D:4      | Became a worshipper of Beogh the Brigand
  5240 | Ossuary  | Entered an ossuary
  5282 | Ossuary  | Reached XP level 5. HP: 21/46 MP: 7/7
  5837 | D:2      | XOM: summons 1 hostile demon
  5857 | D:2      | Gained mutation: You are strong-willed. (Will+) [potion of
                  | mutation]
  5857 | D:2      | Gained mutation: Your spells are a little harder to cast,
                  | but a little more powerful. [potion of mutation]
  5857 | D:2      | Gained mutation: You have a pair of small horns on your
                  | head. [potion of mutation]
  5857 | D:2      | Gained mutation: Your flesh is cold resistant. (rC+)
                  | [potion of mutation]
  6011 | D:3      | Killed Grinder
  6012 | D:3      | Reached XP level 6. HP: 41/58 MP: 8/8
  6444 | D:3      | XOM: summons 13 hostile demons
  6445 | D:3      | Noticed an orange demon
  6445 | D:3      | Noticed a rust devil
  6445 | D:3      | Noticed a sixfirhy
  6571 | D:4      | Reached XP level 7. HP: 62/64 MP: 9/9
  6772 | D:4      | Noticed Menkaure
  7279 | D:5      | Entered Level 5 of the Dungeon
  7292 | D:5      | Reached skill level 1 in Armour
  7322 | D:5      | XOM: give mutations
  7322 | D:5      | Gained mutation: You are highly strong-willed. (Will++)
                  | [Xom's mischief]
  7322 | D:5      | Gained mutation: You are frail. (-10% HP) [Xom's mischief]
  7322 | D:5      | Gained mutation: You are very frail. (-20% HP) [Xom's
                  | mischief]
  7334 | D:5      | Found a glowing drain.
  7364 | Sewer    | Entered a sewer
  7740 | Sewer    | Reached * piety under Beogh
  8312 | D:5      | XOM: give mutations
  8312 | D:5      | Gained mutation: Your body sometimes deteriorates upon
                  | taking damage. [Xom's mischief]
  8312 | D:5      | Lost mutation: Your body sometimes deteriorates upon taking
                  | damage. [Xom's mischief]
  8312 | D:5      | Gained mutation: You have large cloven feet. [Xom's
                  | mischief]
  8312 | D:5      | Lost mutation: You are very frail. (-20% HP) [Xom's
                  | mischief]
  8317 | D:5      | Reached XP level 8. HP: 45/66 MP: 10/10
  8321 | D:5      | Learned a level 3 spell: Vampiric Draining
  8835 | D:5      | Noticed Blork the orc
  8864 | D:5      | Killed Blork the orc
  9128 | D:5      | Lost mutation: You are frail. (-10% HP) [potion of
                  | mutation]
  9128 | D:5      | Lost mutation: Your flesh is cold resistant. (rC+) [potion
                  | of mutation]
  9128 | D:5      | Gained mutation: You are resistant to electric shocks.
                  | (rElec) [potion of mutation]
  9128 | D:5      | Gained mutation: Your muscles are strong. (Str +2) [potion
                  | of mutation]
  9469 | D:6      | XOM: give mutation
  9469 | D:6      | Gained mutation: You are dopey. (Int -2) [Xom's mischief]
  9485 | D:6      | Found Tonigy's Armour Shoppe.
  9494 | D:6      | Bought a +2 robe of willpower for 230 gold pieces
  9509 | D:6      | Learned a level 4 spell: Animate Dead
  9722 | D:6      | Found Mukhyzuh's Antique Armour Boutique.
  9861 | D:6      | XOM: god gift: 20 sling bullets
  9881 | D:6      | Found Zarimos's Antique Weapon Shoppe.
  9904 | D:6      | Found Ahoutwo's Magic Scroll Shop.
  9937 | D:6      | Found Teristres's Antique Armour Boutique.
 10008 | D:6      | Reached ** piety under Beogh
 10536 | D:6      | XOM: give mutation
 10536 | D:6      | Gained mutation: Scrolls take you a little longer to read.
                  | [Xom's mischief]
 10557 | D:7      | Identified the +3 quarterstaff of Ikku {venom, Dex+5}
 10576 | D:7      | Found a transporter.
 10577 | D:7      | Noticed kae's ghost (novice NaTm)
 10674 | D:6      | Bought a scroll of blinking for 75 gold pieces
 11012 | D:7      | Reached XP level 9. HP: 80/83 MP: 11/11
 11051 | D:7      | Found a sacrificial altar of Ru.
 11166 | D:7      | XOM: stat loss: -2 Str (11/13)
 11199 | D:7      | Noticed a centaur warrior
 11203 | D:7      | Identified the amulet "Dup Bohe" {Spirit Will+}
 11217 | D:7      | XOM: summons 1 hostile shadow creature
 11228 | D:7      | HP: 3/84 [centaur warrior/arrow (24)]
 11229 | D:7      | Shot with an arrow by a centaur warrior

Illustrated notes

Levels and vault maps discovered:
D:1:      elethiomel_arrival_quiet, layout_basic, amcnicky_mini_pool_small,
          serial_park_tiny_2
D:2:      layout_loops_ring, uniq_crazy_yiuf_cottage
D:3:      layout_rooms, chequers_ecumenical_altar_simple,
          serial_co_window_serial, co_window_paths_b, co_window_paths_a,
          co_window_of_opportunity_a, co_window_paths_a, co_window_corner_a,
          co_window_paths_a, co_window_paths_a, co_window_corner_ca,
          co_window_unsneaky_path_b, co_window_broadway_b, co_window_cross_4,
          glass_columns_c, glass_columns_a, glass_columns_b,
          kennysheep_generic_room_5, uniq_grinder
D:4:      layout_rooms, chequers_ossuary_entry_cave,
          hangedman_abyss_or_decor_lesser_grid, minmay_statues_item,
          uniq_menkaure
D:5:      layout_basic, gup_sewer_entry_pipe, uniq_blork_the_orc
D:6:      layout_loops_ring, serial_shops, shop_statue, nicolae_shop_stone,
          nicolae_shop_trees, shop_scrolls, shop_statue
D:7:      minmay_the_grid_triangle_9x9_rhombus_thin
          [minmay_the_grid_triangle_9x9_swiss_cheese,
          minmay_the_grid_triangle_9x9_prize_special,
          minmay_the_grid_triangle_9x9_corruption,
          minmay_the_grid_triangle_9x9_sprig], layout_loops_ring,
          marbit_many_paths, minmay_temple_entry_grid,
          gammafunk_ghost_stat_death

Skill      XL: |  1  2  3  4  5  6  7  8  9 |
---------------+----------------------------+-----
Fighting       | 1 2 3 6 8 9 |  9.4
Necromancy     | 5 6 8 9 |  9.0
Armour         | 2 |  2.0
Dodging        | |  1.7
Stealth        | |  1.5
Spellcasting   | |  1.6

Action                   |  1- 3 |  4- 6 |  7- 9 || total
-------------------------+-------+-------+-------++-------
Melee: Unarmed           |    31 |       |       ||    31
       Club              |     4 |       |       ||     4
       Hand axe          |    14 |       |       ||    14
       Dagger            |     6 |       |       ||     6
       Quarterstaff      |       |    90 |   247 ||   337
       Headbutt          |       |     3 |    28 ||    31
       Kick              |       |       |    35 ||    35
Throw: Boomerang         |    22 |     5 |     2 ||    29
       Dart              |       |     7 |    13 ||    20
       Javelin           |       |     2 |     2 ||     4
       Throwing net      |       |       |     1 ||     1
 Cast: Pain              |    52 |    20 |    26 ||    98
       Animate Skeleton  |    14 |     1 |    20 ||    35
       Vampiric Draining |       |       |     1 ||     1
Invok: Convert to Beogh  |       |     1 |       ||     1
  Use: Scroll            |     4 |    12 |     5 ||    21
       Potion            |     1 |    12 |     7 ||    20
 Stab: Paralysed         |       |     1 |     2 ||     3
Armor: Robe              |    10 |       |    23 ||    33
       Ring mail         |    14 |    26 |    80 ||   120
       Skin              |       |     1 |       ||     1
Dodge: Dodged            |    37 |    41 |   128 ||   206

Table legend: (Time is in decaauts)
 A = Elapsed time spent in this place.
 B = Non-inter-level travel time spent in this place.
 C = Inter-level travel time spent in this place.
 D = Time resting spent in this place.
 E = Time spent auto-exploring this place.
 F = Levels seen in this place.
 G = Mean time per level.
                   A        B        C        D        E       F      G
               +--------+--------+--------+--------+--------+-----+--------+
         Total |  11488 |  10530 |    958 |   3367 |   3897 |   9 | 1276.4 |
       Dungeon |   9904 |   8946 |    958 |   3053 |   3288 |   7 | 1414.9 |
         Sewer |   1119 |   1119 |      0 |     51 |    609 |   1 | 1119.0 |
       Ossuary |    464 |    464 |      0 |    262 |      0 |   1 |  464.0 |
               +--------+--------+--------+--------+--------+-----+--------+

Top non-repeatable levels by time:
     D:3: 2219 daAuts
     D:1: 2153 daAuts
     D:2: 1785 daAuts
     D:6: 1333 daAuts
     D:5: 1145 daAuts
   Sewer: 1119 daAuts
     D:4: 660 daAuts
     D:7: 607 daAuts
 Ossuary: 464 daAuts
